 Dungeon Crawl Stone Soup version 0.32-a0-666-ge8a88695a4 (webtiles) character file.

Game seed: 16108414683405234482

267 ezpacito the Trooper (level 6, -2/48 HPs)
             Began as a Coglin Chaos Knight on Mar 10, 2024.
             Was a Plaything of Xom.
             Slain by an orc
             ... wielding a +5 spear
              (5 damage)
             ... on level 3 of the Dungeon.
             The game lasted 00:03:06 (2656 turns).

ezpacito the Trooper (Coglin Chaos Knight)          Turns: 2656, Time: 00:03:06

Health: -2/48      AC: 11    Str: 14 (15) XL:     6   Next: 21%
Magic:  7/7        EV:  7    Int: 12 (14) God:    Xom [......]
Gold:   43         SH:  0    Dex: 13      Spells: 7/7 levels left

rFire   . . .        y - +4 falchion of Opnau {freeze, rPois Int+3}
rCold   . . .        a - +0 hand axe (chaos) {Dagmar}
rNeg    . . .        v - +0 chain mail
rPois   +            i - +1 hat
rElec   .            t - +0 cloak
rCorr   .            (no gloves)
SInv    .            (no boots)
Will    .....        (amulet unavailable) Stlth
                     (ring unavailable)
HPRegen 0.28/turn    (ring unavailable)
MPRegen 0.10/turn    (no gizmo)

%: random rage (3%)
@: hasted, revved, very quick
A: off-hand wielding, slow wielding, warmup strikes, no jewellery, camouflage 1,
berserk 1, wild magic 1, devolution 1
a: Invent Gizmo, Renounce Religion


You were on level 3 of the Dungeon.
You worshipped Xom.
You were a very special plaything of Xom.
You visited 1 branch of the dungeon, and saw 3 of its levels.

You collected 243 gold pieces.
You spent 200 gold pieces at shops.

Inventory:

Hand Weapons
 a - a +0 hand axe of chaos (offhand) {Dagmar}
 b - a +3 dagger {Yan}
 h - a +0 dagger of protection {Wu}
 j - a +0 broad axe
 l - a +0 war axe
 y - the +4 falchion of Opnau (weapon) {freeze, rPois Int+3}
   (You bought it in a shop on level 3 of the Dungeon)

   Int+3:     It affects your intelligence (+3).
   rPois:     It protects you from poison.
Missiles
 p - a throwing net (quivered)
Armour
 i - a +1 hat (worn)
 t - a +0 cloak (worn)
 v - a +0 chain mail (worn)
Magical Staves
 m - a staff of air
Talismans
 o - a beast talisman
Wands
 d - a wand of polymorph (1)
 u - a wand of flame (22)
Scrolls
 c - a scroll of butterflies
 e - 2 scrolls of identify {unknown}
 f - a scroll of fear {unknown}
 g - 2 scrolls of revelation {unknown}
 k - 2 scrolls of teleportation {unknown}
 r - a scroll of summoning {unknown}
 w - 2 scrolls of poison {unknown}
Potions
 n - a potion of lignification {unknown}
 x - a potion of attraction {unknown}
 z - 2 potions of mutation


   Skills:
 * Level 3.8 Fighting
 * Level 3.7(4.0) Axes
 + Level 1.6(2.8) Polearms
 * Level 2.7 Armour
 * Level 2.3 Dodging
 + Level 1.1 Stealth
 + Level 1.2 Spellcasting
 + Level 0.8 Evocations


You had 7 spell levels left.
You didn't know any spells.
Your spell library contained the following spells:

 Spells                   Type           Power      Damage    Failure   Level
 Fugue of the Fallen      Necr           0%         N/A       100%        3
 Ozocubu's Armour         Ice            0%         N/A       100%        3
 Manifold Assault         Tloc           0%         N/A       100%        4


Dungeon Overview and Level Annotations

Branches:
Dungeon (3/15)

Altars:
Sif Muna
Beogh

Shops:
D:3 (


Innate Abilities, Weirdness & Mutations

You can wield a second weapon in your off-hand.
It takes a long time for you to wield or remove held weapons.
Your first few attacks do less damage.
You cannot equip rings or amulets.
Your skin changes colour to match your surroundings (Stealth+).
You sometimes lose your temper in combat.
Your spells are a little harder to cast, but a little more powerful.
You have hidden genetic defects.


Message History

The orc hits you from afar with a +0 trident.
* * * LOW HITPOINT WARNING * * *
You take 7 damage, and have 9/48 hp.
You feel better.
Drazool's ghost hits you but does no damage.
The orc barely misses you. The orc hits you but does no damage.
You regained 11 hp, and now have 20/48 hp.
It was a potion of haste.
You feel yourself speed up. Drazool's ghost hits you.
The orc hits you but does no damage.
The orc hits you from afar with a +5 spear.
You take 5 damage, and have 15/48 hp.
You miss Drazool's ghost with your +0 hand axe of chaos.
Drazool's ghost is severely damaged.
You hit Drazool's ghost with the +4 falchion of Opnau.
You freeze Drazool's ghost.
You closely miss Drazool's ghost with your +0 hand axe of chaos.
Drazool's ghost is severely damaged.
You hit Drazool's ghost with the +4 falchion of Opnau.
You freeze Drazool's ghost. Drazool's ghost hits you!
* * * LOW HITPOINT WARNING * * *
The orc hits you but does no damage. x2
You take 7 damage, and have 8/48 hp.
You closely miss Drazool's ghost with the +4 falchion of Opnau.
Drazool's ghost is almost destroyed.
You hit Drazool's ghost but do no damage.
Drazool's ghost seems to grow stronger.
Xom does a drum roll.
Drazool's ghost hits you.
* * * LOW HITPOINT WARNING * * *
The orc hits you but does no damage.
The orc hits you from afar with a +5 spear.
* * * LOW HITPOINT WARNING * * *
You take 5 damage, and have 3/48 hp.
You hit Drazool's ghost with the +4 falchion of Opnau.
You freeze Drazool's ghost.
You destroy Drazool's ghost!
The orc barely misses you.
The orc hits you from afar with a +5 spear.
You die... "This toy is broken."

#.#).............#o....ß
#.#.###########..#..##..#######
#.#.# ###..#..#ß..#.....# #.#.#
###....#..##..#.....# #.#.#
#......#.#[[..#.....# #.#.#
#......'.#....#.....### #.#.#
#.....oo.#.ß._#........
#.#.########.....o.#...[####.....
#.#<...........)@#.#..?. #.....
#.#..............#..##..####.....
#............>...#..#ß..#........
###############..#..##..####.####
###..#.....ß#........
#...ß########......## #........#
###....## ###........# #....##
#..........# #....##


You could see 3 orcs.

Vanquished Creatures
  A sky beast (D:3)
  The ghost of Drazool the Shooter, an amateur CoHu (D:3)
  A bombardier beetle (D:3)
  A gnoll (D:3)
  5 adders
  5 dart slugs
  2 ribbon worms (D:3)
  5 orcs
  5 endoplasms
  4 giant cockroaches
  9 goblins
  5 hobgoblins
  4 quokkas
  6 ball pythons
  4 bats
  5 frilled lizards
  11 kobolds
  4 rats
78 creatures vanquished.

Notes
Turn   | Place    | Note
-------+----------+-------------------------------------------
     0 | D:1      | ezpacito the Coglin Chaos Knight began the quest for the
                  | Orb.
     0 | D:1      | Reached XP level 1. HP: 18/18 MP: 1/1
    84 | D:1      | Reached skill level 1 in Dodging
    87 | D:1      | Reached XP level 2. HP: 24/24 MP: 2/2
   124 | D:1      | Found a faded altar of an unknown god.
   245 | D:1      | Reached XP level 3. HP: 29/29 MP: 3/3
   321 | D:1      | XOM: divination: detect creatures
   935 | D:2      | XOM: divination: detect creatures
   954 | D:2      | Reached XP level 4. HP: 35/35 MP: 5/5
   959 | D:2      | XOM: noise
   962 | D:2      | Reached skill level 1 in Polearms
  1051 | D:2      | XOM: cloud trail
  1091 | D:2      | Found a shimmering blue altar of Sif Muna.
  1102 | D:2      | XOM: enchant monster (bad)
  1392 | D:2      | XOM: scenery: 1 doors close
  1442 | D:3      | Found a runed translucent gate.
  1443 | D:3      | Noticed Drazool's ghost (amateur CoHu)
  1444 | D:3      | Found a runed translucent gate.
  1445 | D:3      | Found a runed translucent gate.
  1738 | D:3      | XOM: silly message
  1818 | D:3      | XOM: confusion
  1834 | D:3      | Reached skill level 1 in Spellcasting
  1840 | D:3      | Gained mutation: You are frail. (-10% HP) [potion of
                  | mutation]
  1840 | D:3      | Gained mutation: Your flesh is cold resistant. (rC+)
                  | [potion of mutation]
  1845 | D:3      | Reached XP level 5. HP: 36/36 MP: 6/6
  1847 | D:3      | XOM: noise
  1863 | D:3      | Lost mutation: You are frail. (-10% HP) [potion of
                  | mutation]
  1863 | D:3      | Lost mutation: Your flesh is cold resistant. (rC+) [potion
                  | of mutation]
  1863 | D:3      | Gained mutation: Your magical capacity is low. (-10% MP)
                  | [potion of mutation]
  1863 | D:3      | Gained mutation: Your flesh is cold resistant. (rC+)
                  | [potion of mutation]
  1865 | D:3      | Lost mutation: Your magical capacity is low. (-10% MP)
                  | [potion of mutation]
  1865 | D:3      | Lost mutation: Your flesh is cold resistant. (rC+) [potion
                  | of mutation]
  1865 | D:3      | Gained mutation: You have hidden genetic defects. [potion
                  | of mutation]
  1865 | D:3      | Gained mutation: Your spells are a little harder to cast,
                  | but a little more powerful. [potion of mutation]
  1865 | D:3      | Gained mutation: Your skin changes colour to match your
                  | surroundings (Stealth+). [potion of mutation]
  1903 | D:3      | XOM: torment (19/41 hp)
  2103 | D:3      | Noticed a sky beast
  2114 | D:3      | Killed a sky beast
  2115 | D:3      | Reached skill level 1 in Stealth
  2115 | D:3      | Reached XP level 6. HP: 39/48 MP: 7/7
  2134 | D:3      | Gained mutation: You sometimes lose your temper in combat.
                  | [hidden defects]
  2401 | D:3      | XOM: torment (25/48 hp)
  2492 | D:3      | Found Seoruhoy's Antique Weapon Emporium.
  2500 | D:3      | Bought a crude falchion for 200 gold pieces
  2500 | D:3      | Identified the +4 falchion of Opnau {freeze, rPois Int+3}
                  | (You bought it in a shop on level 3 of the Dungeon)
  2607 | D:3      | Found a roughly hewn altar of Beogh.
  2655 | D:3      | XOM: noise
  2656 | D:3      | Killed Drazool's ghost
  2656 | D:3      | Slain by an orc

Illustrated notes

Levels and vault maps discovered:
D:1:      lightli_arrival_lavapool, layout_loops_ring,
          ebering_ecumenical_altar_ruins
D:2:      layout_basic, basic_altar, minmay_misc_feat_cross, minmay_tromino_i4
D:3:      minmay_chambers_of_twos, layout_basic, biasface_ghost_orc_armoury,
          serial_shops, shop, minmay_pentangle

Skill      XL: |  1  2  3  4  5 |
---------------+----------------+-----
Dodging        | 1 2 |  2.3
Armour         | 2 |  2.7
Polearms       | 1 |  1.6
Spellcasting   | 1 |  1.2
Stealth        | 1 |  1.1
Fighting       | |  3.8
Axes           | |  3.7
Evocations     | |  0.8

Action                     |  1- 3 |  4- 6 || total
---------------------------+-------+-------++-------
  Melee: Hand axe          |    74 |    98 ||   172
         Dagger            |    63 |    79 ||   142
         Falchion          |       |    12 ||    12
    Use: Potion            |       |     8 ||     8
   Stab: Petrifying        |     1 |     1 ||     2
         Sleeping          |     1 |       ||     1
         Confused          |       |     1 ||     1
 Armour: Leather armour    |    54 |    26 ||    80
         Chain mail        |       |    72 ||    72
  Dodge: Dodged            |    41 |    51 ||    92

Table legend: (Time is in decaauts)
 A = Elapsed time spent in this place.
 B = Non-inter-level travel time spent in this place.
 C = Inter-level travel time spent in this place.
 D = Time resting spent in this place.
 E = Time spent auto-exploring this place.
 F = Levels seen in this place.
 G = Mean time per level.
                   A        B        C        D        E       F      G
               +--------+--------+--------+--------+--------+-----+--------+
         Total |   2668 |   2573 |     95 |      0 |   2065 |   3 |  889.3 |
       Dungeon |   2668 |   2573 |     95 |      0 |   2065 |   3 |  889.3 |
               +--------+--------+--------+--------+--------+-----+--------+

Top non-repeatable levels by time:
     D:3: 1248 daAuts
     D:2: 782 daAuts
     D:1: 637 daAuts
